Map: Dusk Towers

Players

GSUZ - Winner!

  • Race: Terran Terran
  • League: Master

Sammerl

  • Race: Protoss Protoss
  • League: Diamond

VOD

Have the link to the VOD?

Description

Time

  • Played on: July 6, 2016, 9:27 a.m.
  • Length: 16:17
Show
View Real Time Build Order
Export as new Build Order

GSUZ Terran - Winner!

Build Orders: MMM Bio 

Get SALT Encoding   

  12  0:00  SCV  
  13  0:12  SCV  
  14  0:17  Supply Depot  
  14  0:24  SCV  
  15  0:38  SCV  
  15  0:40  Barracks  
  16  0:44  Refinery  
  16  0:50  SCV  
  17  1:03  SCV  
  18  1:15  SCV  
  19  1:27  Orbital Command  
  19  1:29  Marine  
  20  1:41  Command Center  
  20  1:50  Supply Depot, Barracks Reactor  
  20  1:54  SCV  
  21  2:04  Barracks  
  21  2:07  SCV  
  22  2:18  Barracks  
  22  2:21  SCV  
  23  2:27  Marine x2  
  25  2:33  SCV  
  26  2:42  Factory  
  26  2:45  Marine x2, SCV  
  29  2:53  Barracks Tech Lab  
  29  2:57  SCV, Orbital Command  
  30  3:03  Marine x2  
  32  3:08  Barracks Tech Lab  
  32  3:13  Stimpack  
  32  3:15  SCV  
  32  3:19  Marine  
  33  3:24  Supply Depot  
  33  3:25  Marine  
  35  3:28  Marine  
  35  3:30  Marine  
  35  3:33  SCV  
  38  3:39  Refinery  
  38  3:42  Starport  
  38  3:48  SCV x2  
  40  3:55  Factory Reactor, Marine  
  40  3:56  Marine x3  
  40  4:00  SCV  
  40  4:02  SCV  
  46  4:10  Supply Depot  
  46  4:12  SCV  
  46  4:14  SCV  
  46  4:17  Marine x3  
  48  4:18  Marine  
  52  4:29  SCV  
  52  4:30  SCV, Engineering Bay  
  54  4:36  Medivac x2  
  58  4:41  SCV  
  58  4:42  Marine  
  58  4:43  SCV, Marine  
  62  4:47  Supply Depot  
  62  4:49  Supply Depot  
  62  5:01  Command Center  
  62  5:03  Factory Tech Lab  
  62  5:04  Combat Shields  
  62  5:08  SCV  
  62  5:12  Marine x2  
  69  5:14  Marauder x2  
  69  5:15  SCV  
  69  5:18  Concussive Shells  
  69  5:19  Supply Depot  
  69  5:20  SCV  
  71  5:27  SCV  
  72  5:31  Refinery  
  72  5:33  Refinery  
  72  5:36  SCV  
  73  5:47  Marine x2  
  73  5:49  SCV, Marauder x2  
  80  5:54  Barracks  
  80  5:56  Barracks  
  68  6:04  Marine  
  68  6:05  Marine, SCV x2  
  68  6:09  Marine  
  68  6:10  Marine  
  70  6:14  Siege Tank  
  70  6:16  Orbital Command  
  70  6:17  SCV  
  74  6:19  Supply Depot, Medivac  
  74  6:20  Medivac  
  74  6:22  Marine  
  74  6:23  SCV  
  74  6:25  Supply Depot  
  80  6:26  Supply Depot  
  80  6:30  Missile Turret  
  80  6:36  Missile Turret  
  84  6:47  Marauder x2, Barracks Tech Lab x2  
  84  6:51  Marine x2  
  86  7:06  Marauder x2  
  86  7:07  Marine  
  86  7:08  Marine  
  89  7:09  Marine x2  
  86  7:18  Orbital Command  
  86  7:22  SCV x2  
  88  7:26  Marauder x2  
  88  7:27  Marine x3  
  94  7:35  Marauder  
  94  7:36  Liberator x2  
  96  7:40  SCV x2  
  96  7:43  SCV  
  99  7:45  Marauder  
  99  7:50  Siege Tank  
  104  7:52  SCV  
  104  7:54  Marine  
  104  7:55  Marine, Marauder x2  
  104  7:57  SCV  
  104  7:58  SCV  
  119  8:04  SCV  
  119  8:05  Terran Infantry Weapons Level 1  
  120  8:09  Engineering Bay  
  120  8:12  Missile Turret  
  107  8:34  Marine x2, Marauder x3  
  99  8:35  Marauder  
  99  8:36  Medivac x2  
  99  8:38  SCV x3  
  99  8:40  Refinery  
  99  8:41  Refinery  
  112  8:42  Terran Infantry Armor Level 1  
  112  8:46  Missile Turret  
  112  8:49  Missile Turret, Liberator x2  
  112  8:50  SCV x2, Missile Turret x2  
  112  8:52  Marine  
  112  8:55  Marauder x2  
  119  9:05  Missile Turret  
  119  9:07  Missile Turret  
  125  9:18  Supply Depot  
  125  9:26  Supply Depot x2  
  125  9:39  Marine x2  
  125  9:40  Marauder x3  
  125  9:43  SCV  
  125  9:44  SCV x2  
  125  9:45  Marauder  
  131  9:51  Liberator  
  114  9:53  Liberator  
  114  9:57  Marine x2  
  95  10:01  Marauder x2  
  95  10:02  Marine  
  95  10:03  Ghost Academy  
  95  10:04  Command Center  
  95  10:06  Marine  
  101  10:11  Barracks  
  101  10:13  Barracks x2  
  107  10:15  Marine  
  108  10:22  SCV  
  108  10:23  SCV  
  112  10:34  Armory  
  112  10:35  Personal Cloaking  
  118  10:39  Ghost x2  
  118  10:40  Ghost  
  116  10:43  Ghost  
  118  11:01  Barracks Tech Lab  
  118  11:02  Barracks Tech Lab x2  
  118  11:05  Barracks Reactor, Missile Turret  
  118  11:06  Barracks Reactor  
  118  11:07  Sensor Tower  
  118  11:08  Ghost x2  
  122  11:11  Missile Turret  
  122  11:12  Ghost  
  122  11:13  Ghost  
  126  11:19  Marine x2  
  126  11:21  Missile Turret  
  126  11:22  Marauder, Liberator  
  126  11:23  Liberator  
  126  11:24  Terran Infantry Weapons Level 2  
  130  11:27  Terran Infantry Armor Level 2  
  130  11:37  Marine  
  137  11:49  Planetary Fortress  
  137  11:55  Refinery  
  137  11:56  Supply Depot, Refinery  
  137  12:07  Command Center  
  137  12:16  Marauder x2  
  137  12:17  Marauder x2  
  137  12:18  Marauder  
  147  12:24  Factory Reactor  
  147  12:29  Marine x5  
  151  12:30  Marine  
  151  12:36  Barracks  
  151  12:37  Starport x2  
  153  12:38  Marine, Marauder x3  
  153  12:43  Marine  
  161  12:47  Marine  
  161  12:51  Supply Depot x2  
  162  12:53  Terran Ship Weapons Level 1  
  162  12:56  Marauder  
  164  12:59  Marauder  
  164  13:01  Marine x2, Marauder x2  
  172  13:06  Supply Depot  
  172  13:07  Supply Depot x2  
  172  13:12  Marine x2, Marauder  
  176  13:15  Supply Depot  
  176  13:17  Marauder  
  178  13:20  Marauder  
  178  13:24  Starport Tech Lab  
  178  13:25  Starport Reactor  
  180  13:27  Supply Depot x2  
  180  13:38  Marauder x2  
  184  13:43  Marine x2  
  184  13:44  Marauder, Missile Turret  
  184  13:47  Missile Turret  
  151  14:13  Marine x3  
  151  14:14  Marine, Marauder x4  
  144  14:17  Liberator x3, Ghost  
  144  14:18  Liberator  
  144  14:24  Marine x2  
  146  14:31  Marine x2  
  148  14:34  Ghost  
  164  14:47  Planetary Fortress  
  164  14:48  Refinery  
  164  14:49  Refinery  
  164  15:08  Marine x3, Marauder  
  164  15:09  Marauder x2  
  164  15:11  Marine x2  
  164  15:12  Marauder x2  
  179  15:29  Ghost x2  
  179  15:34  Ghost  
  179  15:35  Ghost x2  
  198  15:55  Command Center  
Show
View Real Time Build Order
Export as new Build Order

Sammerl Protoss 

Build Orders: Nexus First 

Get SALT Encoding   

  12  0:01  Probe (Chrono Boost)  
  13  0:11  Probe (Chrono Boost)  
  14  0:18  Pylon  
  14  0:22  Probe (Chrono Boost)  
  15  0:36  Probe (Chrono Boost)  
  16  0:47  Probe (Chrono Boost)  
  17  0:57  Probe (Chrono Boost)  
  18  1:04  Nexus  
  18  1:08  Probe (Chrono Boost)  
  19  1:14  Gateway  
  19  1:19  Assimilator  
  19  1:23  Assimilator  
  19  1:26  Probe (Chrono Boost)  
  20  1:36  Probe (Chrono Boost)  
  21  1:47  Probe (Chrono Boost)  
  21  1:49  Gateway  
  21  1:51  Pylon  
  22  2:03  Cybernetics Core  
  22  2:04  Probe (Chrono Boost)  
  23  2:15  Probe (Chrono Boost)  
  24  2:22  Probe (Chrono Boost)  
  25  2:25  Probe (Chrono Boost)  
  25  2:28  Gateway  
  26  2:32  Probe (Chrono Boost)  
  26  2:36  Probe (Chrono Boost)  
  28  2:43  Warp Gate, Probe (Chrono Boost)  
  29  2:47  Mothership Core (Chrono Boost)  
  31  2:53  Probe (Chrono Boost)  
  31  2:54  Assimilator  
  32  2:59  Assimilator  
  32  3:04  Probe (Chrono Boost), Stalker  
  32  3:05  Probe (Chrono Boost)  
  36  3:13  Stalker  
  36  3:14  Stalker  
  36  3:18  Probe (Chrono Boost)  
  36  3:19  Probe (Chrono Boost)  
  42  3:27  Pylon  
  42  3:29  Probe (Chrono Boost)  
  42  3:33  Pylon  
  43  3:37  Stalker  
  43  3:39  Probe (Chrono Boost)  
  46  3:45  Probe (Chrono Boost)  
  47  3:53  Probe (Chrono Boost)  
  47  3:54  Twilight Council  
  48  3:56  Probe (Chrono Boost)  
  48  3:59  Stalker  
  51  4:04  Probe (Chrono Boost)  
  51  4:05  Stalker  
  54  4:11  Stalker  
  54  4:13  Probe (Chrono Boost)  
  54  4:15  Probe (Chrono Boost)  
  58  4:23  Probe (Chrono Boost)  
  59  4:25  Pylon  
  59  4:26  Probe (Chrono Boost)  
  62  4:36  Blink (Chrono Boost)  
  62  4:43  Probe x2 (Chrono Boost)  
  64  4:56  Probe x2 (Chrono Boost)  
  64  5:03  Stalker  
  64  5:04  Stalker  
  64  5:05  Stalker  
  70  5:11  Nexus  
  70  5:29  Pylon  
  70  5:33  Pylon  
  70  5:39  Pylon  
  70  5:43  Probe  
  70  5:44  Probe  
  70  5:53  Probe  
  70  5:56  Probe  
  72  6:03  Stalker x2  
  72  6:04  Stalker  
  74  6:16  Probe  
  74  6:18  Probe  
  76  6:21  Nexus  
  76  6:24  Pylon  
  76  6:27  Probe  
  76  6:28  Pylon  
  76  6:29  Stalker x2  
  76  6:30  Probe, Stalker  
  84  6:34  Dark Shrine  
  84  6:35  Assimilator  
  84  6:37  Templar Archives, Probe  
  84  6:39  Assimilator  
  85  6:42  Probe  
  86  6:47  Gateway x2  
  86  6:48  Probe  
  86  6:49  Gateway  
  86  6:51  Gateway  
  87  6:55  Gateway  
  87  7:03  Gateway x2  
  87  7:05  Pylon  
  87  7:07  Pylon  
  87  7:08  Stalker x2  
  76  7:10  Stalker  
  52  7:35  Stalker x2  
  52  7:36  Stalker  
  58  7:46  Stalker x2  
  62  7:53  Psionic Storm  
  62  7:56  Dark Templar  
  62  7:57  Dark Templar  
  66  8:04  Stalker  
  66  8:05  Stalker x3  
  74  8:06  Stalker  
  76  8:19  Dark Templar  
  74  8:20  Dark Templar  
  72  8:34  Stalker x4  
  78  8:49  Nexus  
  78  8:50  High Templar x2  
  78  8:53  High Templar  
  84  8:57  Probe  
  84  8:58  Probe  
  86  9:05  High Templar x3  
  86  9:07  Probe  
  93  9:15  Stalker  
  93  9:16  High Templar  
  97  9:22  Dark Templar  
  97  9:23  Probe  
  99  9:25  Probe  
  101  9:34  Probe  
  101  9:38  Pylon  
  102  9:40  Pylon, Probe  
  83  9:58  Probe  
  84  10:00  Probe x2  
  84  10:04  Stalker x2  
  84  10:05  Stalker x2  
  84  10:06  High Templar  
  96  10:08  High Templar  
  96  10:09  Probe  
  96  10:10  Probe  
  96  10:12  Probe  
  101  10:14  Assimilator  
  99  10:24  Dark Templar  
  101  10:31  Probe x2  
  101  10:33  Probe  
  104  10:38  High Templar  
  104  10:39  Stalker  
  104  10:40  Stalker  
  104  10:41  Nexus, Probe  
  110  10:44  Stalker  
  110  10:47  Stalker  
  115  10:50  Stalker  
  117  11:08  Pylon, Dark Templar  
  119  11:11  Pylon  
  119  11:14  Pylon, Probe x2  
  119  11:15  Probe  
  122  11:19  Pylon  
  122  11:24  Probe  
  122  11:25  Probe, Assimilator  
  122  11:27  Probe  
  122  11:29  Assimilator  
  122  11:32  Stalker x2  
  127  11:33  Stalker x2  
  127  11:35  Probe x2  
  136  11:40  Probe  
  136  11:45  Probe  
  134  11:52  High Templar  
  134  11:53  High Templar  
  139  11:54  Stalker  
  139  11:55  Stalker x2  
  139  12:00  Stalker  
  139  12:01  Stalker x3  
  149  12:06  Dark Templar  
  155  12:08  Probe  
  155  12:09  Probe x2  
  155  12:10  Probe  
  159  12:19  Probe x3  
  159  12:21  Sentry x2  
  159  12:22  Sentry, Probe  
  169  12:26  Sentry  
  171  12:32  Pylon  
  171  12:37  Pylon  
  171  12:53  Robotics Facility  
  171  12:56  Robotics Facility  
  171  12:58  Robotics Facility  
  171  13:06  Sentry x4  
  171  13:07  Nexus  
  171  13:09  Assimilator  
  179  13:13  Assimilator  
  179  13:25  Probe x2  
  179  13:26  Probe  
  182  13:37  Probe x3  
  182  13:39  Probe  
  186  13:43  High Templar  
  188  13:48  Pylon  
  188  13:52  Pylon  
  188  13:53  Probe  
  188  13:54  Pylon  
  188  13:56  Observer  
  188  13:57  Observer  
  188  13:59  Probe  
  188  14:00  Observer  
  106  14:16  High Templar x4  
  106  14:17  High Templar x3, Observer  
  63  14:18  Observer  
  63  14:22  Observer  
  68  14:35  Stalker  
  68  14:36  Stalker x2  
  74  15:17  Archon  
  52  15:22  Stalker x4  
  52  15:23  Stalker x4  
  52  15:24  Stalker x2  
  71  15:46  Stalker x4  
  71  15:47  Stalker x3  
  71  15:48  Stalker x2  
  83  16:04  Stalker  
Tags
 
Add a new tag
Caveats
  • Supply blocks, unpowered buildings, or Contaminate may cause inaccurate times.
  • Supply counts are checked every 10 seconds.